 Dungeon Crawl Stone Soup version 0.30-a0-772-g5528072125 (webtiles) character file.

Game seed: 10077201972974009841

339 NotBilly007 the Covered (level 6, -1/48 HPs)
             Began as a Formicid Fighter on Feb 12, 2023.
             Slain by Prince Ribbit (12 damage)
             ... on level 6 of the Dungeon.
             The game lasted 00:14:41 (3303 turns).

NotBilly007 the Covered (Formicid Fighter)          Turns: 3303, Time: 00:14:42

Health: -1/48      AC:  7    Str: 21    XL:     6   Next: 86%
Magic:  10/10      EV:  9    Int:  7    God:
Gold:   204        SH:  5    Dex: 15    Spells: 10/10 levels left

rFire   . . .      SeeInvis +    a - +0 long sword
rCold   . . .      Faith    .    c - +0 buckler
rNeg    . . .      Spirit   .    b - +0 scale mail
rPois   .          Reflect  .    (helmet unavailable)
rElec   .          Harm     .    (no cloak)
rCorr   .          Rampage  .    (no gloves)
Will    .....                    (no boots) Stlth
                                 (no amulet)
HPRegen 0.28/turn                (no ring)
MPRegen 0.12/turn                (no ring)

@: no status effects
A: permanent stasis, dig shafts and tunnels, antennae 3, four strong arms
a: Dig, Shaft Self


You were on level 6 of the Dungeon.
You visited 1 branch of the dungeon, and saw 6 of its levels.

You collected 204 gold pieces.

Inventory:

Hand Weapons
 a - a +0 long sword (weapon)
Missiles
 u - 9 poisoned darts
Armour
 b - a +0 scale mail (worn)
 c - a +0 buckler (worn)
Jewellery
 l - a ring of wizardry
Wands
 o - a wand of polymorph (7) (quivered)
Scrolls
 h - a scroll of vulnerability {unknown}
 i - a scroll of fear {unknown}
 j - 3 scrolls of teleportation
 m - 2 scrolls of noise {unknown}
 s - a scroll of enchant weapon {unknown}
 t - 2 scrolls of blinking
 v - a scroll of amnesia {unknown}
Potions
 d - 2 potions of might
 f - 3 potions of heal wounds
 g - a potion of degeneration {unknown}
 k - 2 potions of flight {unknown}
 n - 3 potions of berserk rage
 p - a potion of magic {unknown}
 q - 2 potions of ambrosia
 r - a potion of brilliance {unknown}


   Skills:
 - Level 4.0 Fighting
 + Level 4.4 Long Blades
 - Level 5.0 Armour
 - Level 4.0 Shields
 + Level 2.7 Spellcasting


You had 10 spell levels left.
You didn't know any spells.
Your spell library contained the following spells:

 Spells                   Type           Power      Damage    Failure   Level
 Cigotuvi's Dreadful Rot  Necr/Pois/Air  0%         N/A       86%         2
 Poisonous Vapours        Pois/Air       0%         N/A       86%         2
 Sublimation of Blood     Necr           0%         N/A       86%         2
 Wereblood                Tmut           0%         N/A       86%         2
 Mephitic Cloud           Conj/Pois/Air  0%         N/A       98%         3
 Summon Hydra             Summ           0%         N/A       100%        7


Dungeon Overview and Level Annotations

Branches:
Dungeon (6/15)
 Temple: D:4-7

Altars:

Shops:
D:2 :

Annotations:
D:2 2 exclusions, Sigmund
D:4 Grinder
D:5 Dowan, Duvessa
D:6 Prince Ribbit


Innate Abilities, Weirdness & Mutations

You cannot be hasted, slowed, berserked, paralysed or teleported.
You can dig through walls and to a lower floor.
You have a pair of large antennae on your head. (SInv)
Your four strong arms can wield two-handed weapons with a shield.


Message History

You barely miss the orc.
The orc is almost dead.
The orc hits you but does no damage.
You slash the orc!
You kill the orc!
No target in view!
No target in view!
Things that are here:
a +0 flail; a +0 scale mail You now have 204 gold pieces (gained 10).
You open the door.
There is an open door here.
Found a stone staircase leading down.
You sense a monster nearby.
Prince Ribbit comes into view.
Prince Ribbit croaks.
Aiming: Polymorph
Press: ? - help, Q - select action, (/) - cycle Shift-Dir - straight line, f - Prince Ribbit
Aim: Prince Ribbit (will become a hornet, an ice beast, or a water moccasin, chance to affect: 31%) Prince Ribbit easily resists.
Prince Ribbit hits you!
You miss Prince Ribbit.
Prince Ribbit blinks!
You closely miss Prince Ribbit. Prince Ribbit hits you.
You barely miss Prince Ribbit. Prince Ribbit hits you!
Prince Ribbit blinks!
Prince Ribbit blinks!
Prince Ribbit catches a fly with his tongue.
Prince Ribbit winks and puckers his lips.
Prince Ribbit lets out a mournful croak.
Prince Ribbit blinks!
Prince Ribbit lets out a mournful croak.
Prince Ribbit attacks as you move away! Prince Ribbit hits you!
* * * LOW HITPOINT WARNING * * *
Prince Ribbit catches a small bird with his tongue.
Prince Ribbit hits you but does no damage.
You closely miss Prince Ribbit.
Prince Ribbit blinks!
Prince Ribbit blinks!
Prince Ribbit blinks!
Prince Ribbit hits you but does no damage.
You barely miss Prince Ribbit. Prince Ribbit hits you!
You die...

#####. #.# #. #.# ..
#.# ## #.# #.# #.#
#.# #.# #@# #F# #.#
#.# #.# #.#
#######'###
##########.........#
.........')........#


You could see Prince Ribbit.

Vanquished Creatures
  A bullfrog (D:6)
  A hound (D:6)
  A jelly (D:6)
  Jessica (D:2)
  Ijyb (D:3)
  Robin (D:2)
  7 adders
  An ufetubus (D:6)
  2 worms (D:3)
  2 dart slugs
  2 orcs
  4 endoplasms
  2 giant cockroaches
  18 goblins
  7 hobgoblins
  5 quokkas
  5 ball pythons
  6 bats
  3 frilled lizards (D:1)
  5 kobolds
  3 rats
78 creatures vanquished.

Notes
Turn   | Place    | Note
-------+----------+-------------------------------------------
     0 | D:1      | NotBilly007 the Formicid Fighter began the quest for the
                  | Orb.
     0 | D:1      | Reached XP level 1. HP: 18/18 MP: 1/1
   111 | D:1      | Reached XP level 2. HP: 21/24 MP: 2/2
   359 | D:1      | You fall into a shaft and drop 1 floor!
   391 | D:2      | Reached XP level 3. HP: 30/30 MP: 3/3
  1048 | D:2      | Noticed Jessica
  1064 | D:2      | Killed Jessica
  1065 | D:2      | Reached skill level 4 in Armour
  1065 | D:2      | Reached XP level 4. HP: 19/37 MP: 4/4
  1222 | D:2      | Noticed Sigmund
  1230 | D:2      | You fall into a shaft and drop 2 floors!
  1476 | D:3      | Reached XP level 5. HP: 25/42 MP: 5/5
  1788 | D:3      | Noticed Ijyb
  1849 | D:3      | Killed Ijyb
  2159 | D:2      | Reached skill level 1 in Spellcasting
  2171 | D:2      | Noticed Robin
  2175 | D:2      | Found Moilymp's Book Boutique.
  2185 | D:2      | Killed Robin
  2477 | D:2      | You fall into a shaft and drop 1 floor!
  2684 | D:4      | Reached XP level 6. HP: 48/48 MP: 6/8
  2778 | D:4      | Reached skill level 5 in Armour
  2813 | D:4      | Noticed Grinder
  2834 | D:5      | Entered Level 5 of the Dungeon
  2878 | D:5      | Noticed Duvessa
  2879 | D:5      | Noticed Dowan
  3273 | D:6      | Noticed Prince Ribbit
  3303 | D:6      | Slain by Prince Ribbit

Illustrated notes

Levels and vault maps discovered:
D:1:      co_arrival_two_rings, layout_basic, chequers_serial_rivers_small_a
D:2:      layout_rooms, serial_rivers, chequers_serial_rivers_small_3,
          chequers_serial_rivers_small_3, chequers_serial_rivers_micro_c,
          chequers_serial_rivers_micro_d, serial_shops, nicolae_shop_trees,
          uniq_jessica, uniq_robin, uniq_sigmund
D:3:      layout_loops_ring, uniq_ijyb
D:4:      layout_basic, hellmonk_guarded_unrand_hermit, uniq_eustachio,
          uniq_grinder
D:5:      layout_rooms, elyvilon_altar_4, minmay_guarded_unrand_staff_of_olgreb,
          uniq_duvessa
D:6:      layout_basic, old_standard_altar, grunt_decor_fettered,
          uniq_prince_ribbit1

Skill      XL: |  1  2  3  4  5  6 |
---------------+-------------------+-----
Fighting       | 4 |  4.0
Armour         | 4 5 |  5.0
Long Blades    | 3 4 |  4.4
Spellcasting   | 1 2 |  2.7
Shields        | |  4.0

Action                     |  1- 3 |  4- 6 || total
---------------------------+-------+-------++-------
  Melee: Long sword        |    94 |   181 ||   275
         Unarmed           |       |     8 ||     8
Ability: Shaft Self        |       |     2 ||     2
         Dig               |       |     1 ||     1
  Evoke: Wand              |       |     2 ||     2
    Use: Scroll            |       |     5 ||     5
 Armour: Scale mail        |    50 |   103 ||   153
         Skin              |       |     1 ||     1
  Dodge: Dodged            |    30 |   123 ||   153
  Block: Buckler           |    29 |    61 ||    90

Table legend: (Time is in decaauts)
 A = Elapsed time spent in this place.
 B = Non-inter-level travel time spent in this place.
 C = Inter-level travel time spent in this place.
 D = Time resting spent in this place.
 E = Time spent auto-exploring this place.
 F = Levels seen in this place.
 G = Mean time per level.
                   A        B        C        D        E       F      G
               +--------+--------+--------+--------+--------+-----+--------+
         Total |   3376 |   3185 |    191 |    398 |   1907 |   6 |  562.7 |
       Dungeon |   3376 |   3185 |    191 |    398 |   1907 |   6 |  562.7 |
               +--------+--------+--------+--------+--------+-----+--------+

Top non-repeatable levels by time:
     D:3: 1022 daAuts
     D:1: 971 daAuts
     D:2: 701 daAuts
     D:6: 414 daAuts
     D:4: 201 daAuts
     D:5: 65 daAuts
